AoeStats
← ManOWar14

Arena

508288346Analyzed
3v3 RM · 10d ago on Sep 21, 2026· 71m 32s· 6 players
Game mode
Random Map
Map size
Normal (6 player)
Population
200
Speed
Normal
Resources
Standard
Victory
Conquest
Starting age
Dark Age
Ending age
Imperial Age
RankedLock teamsTeams togetherTeam positionsShared explorationLock speedFull tech treeHidden civsTurbo modeCheats
Victory
Defeat
🇧🇷 Aztecs · Brazil
746
+14
🇧🇷 Japanese · Brazil
715
+15
🇺🇸 Wei · United States
697
+16
🇹🇷 Franks · Türkiye
717
-16
🇬🇧 Magyars · United Kingdom
697
-15
🇹🇷 Bohemians · Türkiye
679
-14
ManOWar14
10:34 Feudal Age
13:36 Loom
19:23 Castle Age
20:55 Horse Collar
21:02 Double-Bit Axe
22:14 Stone Mining
23:14 Heavy Plow
23:26 Bow Saw
27:48 Fervor
29:23 Gold Mining
32:08 Wheelbarrow
35:25 Imperial Age
33:38 Bloodlines
33:28 Husbandry
33:33 Town Watch
34:07 Murder Holes
34:23 Fortified Wall
34:36 Ballistics
35:24 Coinage
37:25 Heavy Hei Guang Cavalry
39:51 Chemistry
39:01 Masonry
41:28 Ming Guang Armor
43:02 Hoardings
44:02 Scale Barding Armor
44:07 Forging
43:48 Fletching
44:10 Capped Ram
52:01 Siege Ram
52:13 Pikeman
52:55 Squires
52:40 Arson
52:59 Scale Mail Armor
53:35 Iron Casting
53:20 Chain Barding Armor
52:59 Bodkin Arrow
54:26 Halberdier
55:34 Conscription
56:35 Chain Mail Armor
57:20 Blast Furnace
60:10 Crop Rotation
60:15 Bracer
60:16 Padded Archer Armor
63:40 Caravan
72:19 Parthian Tactics
olucat
2:29 Loom
9:54 Feudal Age
12:08 Horse Collar
12:38 Double-Bit Axe
20:31 Castle Age
19:36 Stone Mining
19:38 Gold Mining
22:05 Caravan
22:58 Town Watch
24:34 Gold Shaft Mining
24:12 Heavy Plow
24:25 Bow Saw
26:58 Town Patrol
29:58 Wheelbarrow
33:20 Imperial Age
31:48 Padded Archer Armor
31:39 Fletching
32:50 Thumb Ring
34:20 Scale Barding Armor
34:31 Leather Archer Armor
35:22 Bodkin Arrow
36:50 Parthian Tactics
38:18 Chemistry
38:48 Ballistics
38:24 Murder Holes
39:55 Hand Cart
40:22 Kataparuto
40:26 Fortified Wall
39:58 Treadmill Crane
40:50 Ring Archer Armor
42:07 Heavy Cavalry Archer
54:58 Bracer
55:19 Chain Barding Armor
61:33 Elite Samurai
Assisu2405
0:51 Loom
18:38 Feudal Age
20:06 Gold Mining
19:58 Horse Collar
20:06 Double-Bit Axe
22:33 Wheelbarrow
23:00 Stone Mining
26:16 Castle Age
25:42 Man-at-Arms
26:08 Arson
28:12 Gold Shaft Mining
27:40 Heavy Plow
27:54 Bow Saw
28:18 Caravan
35:59 Imperial Age
33:21 Town Watch
33:52 Hand Cart
34:38 Ballistics
34:14 Murder Holes
34:36 Forging
34:16 Fletching
34:28 Scale Mail Armor
34:29 Padded Archer Armor
33:56 Eagle Warrior
34:37 Squires
34:23 Gambesons
34:00 Pikeman
36:34 Fortified Wall
38:27 Chemistry
39:05 Crop Rotation
38:39 Elite Eagle Warrior
40:07 Stone Shaft Mining
41:15 Iron Casting
40:56 Chain Mail Armor
40:37 Bodkin Arrow
41:25 Treadmill Crane
44:17 Blast Furnace
43:48 Plate Mail Armor
43:34 Leather Archer Armor
47:16 Garland Wars
47:17 Conscription
47:01 Atlatl
50:06 Elite Jaguar Warrior
51:26 Bracer
65:48 Town Patrol
66:13 Long Swordsman
69:59 Two-Handed Swordsman
deano earlhs
11:32 Feudal Age
16:32 Castle Age
15:16 Double-Bit Axe
17:42 Wheelbarrow
22:39 Horse Collar
24:38 Bow Saw
25:40 Heavy Plow
29:49 Corvinian Army
32:12 Hand Cart
33:08 Caravan
33:11 Treadmill Crane
33:22 Heated Shot
33:42 Scale Barding Armor
33:38 Padded Archer Armor
35:00 Murder Holes
35:17 Masonry
37:30 Ballistics
37:29 Thumb Ring
36:46 Elite Skirmisher
36:47 Crossbowman
38:30 Pikeman
42:43 Imperial Age
40:42 Chain Barding Armor
40:23 Scale Mail Armor
40:39 Leather Archer Armor
40:14 Fletching
42:24 Chain Mail Armor
42:05 Gold Mining
45:00 Chemistry
43:24 Halberdier
44:48 Hoardings
45:51 Two-Man Saw
45:41 Elite Magyar Huszar
49:40 Heavy Cavalry Archer
50:46 Parthian Tactics
52:02 Recurve Bow
63:55 Plate Barding Armor
ozgurulas90
15:44 Feudal Age
17:40 Horse Collar
17:52 Double-Bit Axe
20:39 Castle Age
21:28 Forging
21:18 Scale Mail Armor
21:32 Bow Saw
21:25 Heavy Plow
24:32 Pikeman
25:12 Squires
29:26 Imperial Age
28:00 Treadmill Crane
29:21 Chemistry
28:41 Ballistics
31:29 Bombard Tower
31:03 Guard Tower
31:23 Fortified Wall
31:00 Arrowslits
31:12 Halberdier
36:12 Two-Man Saw
35:33 Loom
35:34 Town Watch
36:26 Wheelbarrow
36:32 Iron Casting
36:13 Chain Mail Armor
36:04 Scale Barding Armor
37:31 Caravan
37:55 Houfnice
40:56 Blast Furnace
40:27 Plate Mail Armor
40:18 Chain Barding Armor
49:46 Cavalier
50:26 Husbandry
53:15 Elite Skirmisher
54:04 Padded Archer Armor
53:54 Fletching
61:51 Bodkin Arrow
62:12 Leather Archer Armor
oguayd
12:51 Feudal Age
11:07 Loom
14:56 Wheelbarrow
14:16 Double-Bit Axe
15:05 Gold Mining
15:05 Stone Mining
23:50 Castle Age
25:02 Bow Saw
26:02 Gold Shaft Mining
29:31 Caravan
31:32 Coinage
32:23 Hand Cart
36:17 Ballistics
36:35 Scale Barding Armor
36:30 Scale Mail Armor
36:21 Fletching
36:42 Forging
36:34 Padded Archer Armor
37:12 Husbandry
41:47 Imperial Age
39:04 Town Watch
40:06 #83
39:17 Pikeman
39:58 Squires
39:44 Arson
39:52 Elite Skirmisher
43:31 Chemistry
42:46 Chivalry
43:06 Conscription
43:22 Hoardings
42:12 Cavalier
44:23 Light Cavalry
65:06 Town Patrol
Connection lost

Rejoining the realm…

Still unreachable

The connection could not be restored.

Session expired

The server has moved on; the page needs a fresh start.